 Dungeon Crawl Stone Soup version 0.29-a0-72-g1732ff48e7 (webtiles) character file.

Game seed: 16968319593696133418

212 HallandMoats the Skirmisher (level 5, 0/34 HPs)
             Began as a Gargoyle Fighter on Feb 4, 2022.
             Was a Follower of Cheibriados.
             Slain by a hound (2 damage)
             ... on level 5 of the Dungeon.
             The game lasted 00:03:51 (3068 turns).

HallandMoats the Skirmisher (Gargoyle Fighter)      Turns: 3068, Time: 00:03:52

Health: 0/34       AC: 11    Str: 23    XL:     5   Next: 89%
Magic:  4/6        EV: 13    Int: 11    God:    Cheibriados [*.....]
Gold:   114        SH:  4    Dex: 11    Spells: 4/4 levels left

rFire   . . .      SeeInvis .   a - +0 trident
rCold   . . .      Faith    .   c - +0 buckler
rNeg    + + .      Spirit   .   b - +0 scale mail
rPois   ∞          Reflect  .   (no helmet)
rElec   +          Harm     .   (no cloak)
rCorr   .          Rampage  .   (no gloves)
Will    .....                   (no boots)
Stlth   ..........              (no amulet)
HPRegen 0.11/turn               s - +4 ring of evasion
MPRegen 0.10/turn               n - ring of positive energy

@: studying Unarmed Combat, very slow
A: sickness immunity, AC +4, negative energy resistance 1, electricity
resistance, torment resistance 1, petrification resistance
a: Renounce Religion, Bend Time


You were on level 5 of the Dungeon.
You worshipped Cheibriados.
Cheibriados was aware of your devotion.
You visited 1 branch of the dungeon, and saw 5 of its levels.

You collected 125 gold pieces.
You donated 11 gold pieces to Zin.

Inventory:

Hand Weapons
 a - a +0 trident (weapon)
Armour
 b - a +0 scale mail (worn)
 c - a +0 buckler (worn)
Jewellery
 g - a ring of protection from fire
 n - a ring of positive energy (right hand)
 s - a +4 ring of evasion (left hand)
Wands
 h - a wand of acid (3)
Scrolls
 e - 3 scrolls of identify {unknown}
 i - a scroll of vulnerability {unknown}
 m - a scroll of immolation {unknown}
 p - a scroll of noise {unknown}
 r - a scroll of teleportation {unknown}
Potions
 d - a potion of might
 f - a potion of degeneration {unknown}
 j - a potion of brilliance {unknown}
 k - a potion of attraction {unknown}
 l - a potion of mutation {unknown}
 o - 2 potions of curing {unknown}
 q - a potion of berserk rage {unknown}


   Skills:
 * Level 4.3 Fighting
 * Level 3.0 Polearms
 + Level 3.9 Armour
 + Level 1.1 Dodging
 + Level 3.9 Shields
 * Level 2.4 Invocations


You had 4 spell levels left.
You didn't know any spells.
Your spell library contained the following spells:

 Spells                   Type           Power      Damage    Failure   Level
 Gell's Gravitas          Tloc           0%         N/A       98%         3
 Lesser Beckoning         Tloc           0%         N/A       98%         3
 Teleport Other           Tloc           0%         N/A       98%         3


Dungeon Overview and Level Annotations

Branches:
Dungeon (5/15)
 Temple: D:4-7

Altars:
Cheibriados
Zin

Shops:
D:2 [=


Innate Abilities, Weirdness & Mutations

You are immune to sickness and miasma.
Your stone body is resilient. (AC +4)
You are immune to poison.
You resist negative energy. (rN+)
You are resistant to electric shocks. (rElec)
You are resistant to unholy torment.
You are immune to petrification.


Message History

The goblin seems to slow down.
You block the necrophage's attack. The necrophage hits you.
* * * LOW HITPOINT WARNING * * *
There is a stone staircase leading down here.
The hound bites you but does no damage. The hound bites you.
* * * LOW HITPOINT WARNING * * *
The necrophage hits you.
* * * LOW HITPOINT WARNING * * *
You climb downwards.
There is a stone staircase leading up here.
You hit the hound.
The hound is lightly wounded.
The hound bites you.
* * * LOW HITPOINT WARNING * * *
The necrophage hits you.
* * * LOW HITPOINT WARNING * * *
The hound bites you but does no damage.
You hit the hound.
The hound is moderately wounded.
You block the hound's attack. You block the necrophage's attack.
The hound bites you.
* * * LOW HITPOINT WARNING * * *
You closely miss the hound.
The hound is moderately wounded.
The necrophage hits you but does no damage.
The hound bites you but does no damage.
You closely miss the hound.
The hound is moderately wounded.
The hound barely misses you. The necrophage misses you.
The hound bites you but does no damage.
The necrophage hits you but does no damage.
You barely miss the hound.
The hound is moderately wounded.
The hound misses you. The necrophage closely misses you.
The hound bites you but does no damage.
You completely miss the hound.
The hound is moderately wounded.
The hound bites you but does no damage. The necrophage misses you.
The hound bites you.
You die...

..##..... #
...#.... ..
......# ...
.....# . ....
....# ..# .....
...##...#
#.#...#.n......
.......@.#
#.######h......
##..... ....
... .. .


You could see a necrophage and a hound.

Vanquished Creatures
  A bullfrog (D:4)
  A hound (D:4)
  Jessica (D:3)
  An adder (D:4)
  An ufetubus (D:4)
  A worm (D:3)
  A dart slug (D:1)
  An orc (D:3)
  5 endoplasms
  A giant cockroach (D:3)
  8 goblins
  9 hobgoblins
  4 jackals
  8 kobolds
  2 quokkas
  8 ball pythons
  5 bats
  2 frilled lizards (D:1)
  6 rats
66 creatures vanquished.

Notes
Turn   | Place    | Note
-------+----------+-------------------------------------------
     0 | D:1      | HallandMoats the Gargoyle Fighter began the quest for the
                  | Orb.
     0 | D:1      | Reached XP level 1. HP: 14/14 MP: 1/1
    59 | D:1      | Reached XP level 2. HP: 19/19 MP: 2/2
   124 | D:1      | Found a faded altar of an unknown god.
   132 | D:1      | Prayed at the altar of an unknown god.
   132 | D:1      | Became a worshipper of Zin the Law-Giver
   132 | D:1      | Reached * piety under Zin
   394 | D:1      | Reached skill level 1 in Invocations
   624 | D:2      | Found Iplol's Jewellery Emporium.
   686 | D:2      | Reached XP level 3. HP: 20/23 MP: 3/3
  1033 | D:2      | Found Poigua's Antique Armour Emporium.
  1837 | D:3      | Reached ** piety under Zin
  1994 | D:3      | Found a snail-covered altar of Cheibriados.
  2012 | D:3      | Reached XP level 4. HP: 29/29 MP: 5/5
  2021 | D:3      | Fell from the grace of Zin
  2021 | D:3      | Became a worshipper of Cheibriados the Contemplative
  2085 | D:3      | Noticed Jessica
  2090 | D:3      | Killed Jessica
  2739 | D:4      | Reached skill level 4 in Fighting
  2739 | D:4      | Reached XP level 5. HP: 30/33 MP: 6/6
  2997 | D:4      | Reached * piety under Cheibriados
  3042 | D:4      | Noticed a necrophage
  3055 | D:4      | Reached skill level 1 in Dodging
  3062 | D:5      | Entered Level 5 of the Dungeon
  3068 | D:5      | Slain by a hound

Illustrated notes

Levels and vault maps discovered:
D:1:      wander_arrival_fairy_ring, layout_loops_ring,
          hellmonk_ecumenical_altar_crossroads
D:2:      layout_basic, serial_shops, shop, nicolae_shop_hallway_plus,
          grunt_decor_resistance
D:3:      kennysheep_six_static_rooms, layout_basic, mainiacjoe_overflow_paths,
          uniq_jessica
D:4:      layout_rooms, overflow_temple_1_default, minmay_manual_macuahuitl,
          uniq_robin, uniq_pikel
D:5:      minmay_octagon_keep, layout_basic, minmay_temple_entry_fiery

Skill      XL: |  1  2  3  4  5 |
---------------+----------------+-----
Polearms       | 2 3 |  3.0
Invocations    | 1 2 |  2.4
Fighting       | 4 |  4.3
Dodging        | 1 |  1.1
Armour         | |  3.9
Shields        | |  3.9

Action                   |  1- 3 |  4- 6 || total
-------------------------+-------+-------++-------
Melee: Trident           |   135 |    94 ||   229
Invok: Bend Time         |       |     1 ||     1
Armor: Scale mail        |    63 |    54 ||   117
Dodge: Dodged            |    58 |    46 ||   104
Block: Buckler           |    20 |    27 ||    47

Table legend: (Time is in decaauts)
 A = Elapsed time spent in this place.
 B = Non-inter-level travel time spent in this place.
 C = Inter-level travel time spent in this place.
 D = Time resting spent in this place.
 E = Time spent auto-exploring this place.
 F = Levels seen in this place.
 G = Mean time per level.
                   A        B        C        D        E       F      G
               +--------+--------+--------+--------+--------+-----+--------+
         Total |   3364 |   3304 |     60 |      0 |   2802 |   5 |  672.8 |
       Dungeon |   3364 |   3304 |     60 |      0 |   2802 |   5 |  672.8 |
               +--------+--------+--------+--------+--------+-----+--------+

Top non-repeatable levels by time:
     D:3: 1377 daAuts
     D:2: 982 daAuts
     D:1: 579 daAuts
     D:4: 416 daAuts
     D:5: 6 daAuts
